AoeStats
← rabbit o sea conejo

Fortress

510220438Analyzed
4v4 RM · 11h ago on Sep 30, 2026· 93m 24s· 8 players
Game mode
Random Map
Map size
Huge
Population
200
Speed
Normal
Resources
Standard
Victory
Conquest
Starting age
Dark Age
Ending age
Imperial Age
RankedLock teamsTeams togetherTeam positionsShared explorationLock speedFull tech treeHidden civsTurbo modeCheats
Victory
Defeat
🇦🇷 Bengalis · Argentina
1229
+16
🇨🇳 Sicilians · China
1210
+17
🇦🇷 Vikings · Argentina
1206
+17
🇦🇷 Dravidians · Argentina
1190
+18
🇧🇷 Khmer · Brazil
1273
-19
🇧🇷 Franks · Brazil
1253
-18
🇧🇷 Magyars · Brazil
1199
-16
🇧🇷 Britons · Brazil
1193
-15
MateoargeAOE
7:48 Feudal Age
11:46 Castle Age
9:34 Double-Bit Axe
9:59 Gold Mining
14:43 Fletching
16:44 Bodkin Arrow
19:38 Ballistics
21:09 Padded Archer Armor
23:45 Wheelbarrow
22:54 Horse Collar
24:26 Stone Mining
24:50 Bow Saw
25:23 Heavy Plow
31:33 Imperial Age
30:24 Thumb Ring
31:34 Forging
32:22 Hand Cart
33:46 Pikeman
34:47 Elite Elephant Archer
35:43 Elite Skirmisher
36:33 Bracer
36:49 Leather Archer Armor
38:41 Halberdier
39:22 Squires
40:24 Gambesons
41:49 Iron Casting
44:20 Caravan
46:11 Chemistry
48:50 Blast Furnace
48:21 Ring Archer Armor
47:59 Scale Mail Armor
50:49 Blast Furnace
50:04 Chain Mail Armor
53:01 Plate Mail Armor
59:57 Hand Cart
60:21 Light Cavalry
70:08 Loom
rabbit o sea conejo
6:40 Loom
8:40 Feudal Age
9:39 Double-Bit Axe
9:53 Horse Collar
12:40 Castle Age
11:24 Forging
11:59 Bloodlines
12:57 Scale Barding Armor
16:34 Iron Casting
16:53 Husbandry
19:43 Chain Barding Armor
22:23 Wheelbarrow
23:00 Gold Mining
23:11 Heavy Plow
23:22 Bow Saw
23:01 Loom
25:54 Hand Cart
25:58 Stone Mining
27:19 Gold Shaft Mining
26:48 Town Watch
31:06 Imperial Age
29:45 Town Patrol
31:29 Paiks
32:45 Plate Barding Armor
33:38 Blast Furnace
34:07 Elite Battle Elephant
35:43 Ballistics
36:24 Chemistry
35:22 Murder Holes
35:23 Fletching
35:33 Padded Archer Armor
35:31 Elite Elephant Archer
37:00 Bodkin Arrow
39:00 Conscription
39:47 Bracer
40:03 Leather Archer Armor
39:40 Arrowslits
43:39 Ring Archer Armor
42:38 Elite Ratha (Ranged)
49:16 Scale Mail Armor
51:14 Chain Mail Armor
52:25 Two-Man Saw
54:04 Caravan
60:27 Mahayana
63:27 Light Cavalry
81:44 Elite Skirmisher
87:08 Siege Elephant
93:41 Fortified Wall
Maxi24875
8:41 Feudal Age
12:22 Castle Age
11:22 Loom
12:00 Forging
12:09 Scale Mail Armor
12:54 Pikeman
13:56 Chain Mail Armor
13:28 Pikeman
24:13 Chieftains
28:14 Double-Bit Axe
29:44 Iron Casting
29:15 Gold Mining
29:37 Bow Saw
29:11 Horse Collar
29:57 Squires
31:05 Heavy Plow
32:12 Gold Shaft Mining
33:56 Murder Holes
37:19 Imperial Age
37:36 Stone Mining
37:44 Fletching
37:52 Arson
38:53 Plate Mail Armor
39:24 Blast Furnace
38:17 Elite Berserk
38:41 Capped Ram
39:58 Conscription
40:43 Siege Ram
42:06 Caravan
43:47 Two-Man Saw
43:32 Elite Varangian Guard
44:11 Town Watch
48:26 Treadmill Crane
48:47 Bodkin Arrow
48:56 Town Patrol
50:49 Crop Rotation
52:28 Coinage
53:51 Banking
54:04 Bracer
54:15 Padded Archer Armor
55:03 Onager
58:32 Crossbowman
59:02 Arbalester
60:22 Hoardings
62:19 Bogsveigar
82:45 Leather Archer Armor
86:01 Ballistics
86:43 Chemistry
86:15 Ring Archer Armor
86:10 Masonry
93:55 Architecture
93:31 Siege Engineers
93:38 Fortified Wall
592848337
9:56 Feudal Age
8:12 Loom
13:54 Castle Age
11:44 Horse Collar
12:04 Double-Bit Axe
14:46 Wheelbarrow
19:02 Stone Mining
19:03 Gold Mining
26:17 Imperial Age
24:21 Fletching
25:11 Hand Cart
25:34 Bodkin Arrow
25:45 Scale Barding Armor
25:31 Gambesons
25:33 Arson
26:27 Bow Saw
27:17 Bloodlines
27:10 Husbandry
27:33 Conscription
27:32 Bracer
28:35 Chemistry
27:56 Ballistics
27:32 Cavalier
28:43 Chain Barding Armor
29:07 Forging
29:07 Scale Mail Armor
29:22 Masonry
29:00 Arrowslits
30:27 First Crusade
30:12 Town Watch
31:19 Murder Holes
31:32 Siege Engineers
33:30 Plate Barding Armor
33:30 Iron Casting
33:11 Chain Mail Armor
33:53 Hauberk
34:25 Hoardings
34:45 Squires
36:11 Light Cavalry
39:27 Blast Furnace
42:08 Blast Furnace
41:09 Padded Archer Armor
41:40 Plate Mail Armor
42:07 Crossbowman
42:15 Elite Skirmisher
44:03 Leather Archer Armor
48:14 Pikeman
49:17 Halberdier
58:55 Caravan
64:43 Capped Ram
65:36 Siege Ram
71:30 Elite Serjeant
[KMNB] RAGNAR
3:41 Loom
8:16 Feudal Age
12:09 Castle Age
27:10 Gold Mining
29:06 Wheelbarrow
28:24 Horse Collar
28:33 Double-Bit Axe
28:47 Stone Mining
30:50 Hand Cart
35:36 Imperial Age
32:37 Pikeman
33:03 Arson
35:58 Imperial Age
36:05 Heavy Scorpion
38:08 Conscription
39:16 Double Crossbow
44:46 Halberdier
46:26 Town Watch
48:38 Forging
48:29 Scale Mail Armor
49:00 Town Watch
50:06 Bow Saw
52:38 Iron Casting
54:31 Blast Furnace
53:47 Chain Mail Armor
53:45 Man-at-Arms
54:44 Town Patrol
58:19 Long Swordsman
80:14 Caravan
82:02 Coinage
Nbzinho
4:21 Loom
8:46 Feudal Age
12:30 Castle Age
11:21 Double-Bit Axe
11:22 Horse Collar
13:33 Bow Saw
15:06 Wheelbarrow
16:03 Heavy Plow
20:26 Gold Mining
21:49 Gold Shaft Mining
21:05 Stone Mining
22:20 Hand Cart
24:13 Corvinian Army
24:28 Scale Barding Armor
27:45 Imperial Age
28:07 Elite Magyar Huszar
29:11 Chain Barding Armor
31:10 Crop Rotation
31:20 Plate Barding Armor
31:52 Two-Man Saw
31:45 Bloodlines
31:35 Husbandry
30:56 Cavalier
32:13 Conscription
33:30 Paladin
Soldado Raso
7:56 Feudal Age
6:12 Loom
12:29 Castle Age
10:54 Double-Bit Axe
10:52 Horse Collar
12:08 Fletching
12:46 Gold Mining
12:48 Stone Mining
16:04 Bodkin Arrow
18:42 Padded Archer Armor
20:10 Leather Archer Armor
21:58 Ballistics
23:00 Wheelbarrow
24:52 Bow Saw
29:23 Imperial Age
27:50 Gold Shaft Mining
29:42 Hand Cart
30:44 Yeomen
29:45 Elite Longbowman
32:28 Chemistry
31:38 Bracer
33:37 Ring Archer Armor
33:12 Scale Barding Armor
34:34 Conscription
42:52 Elite Skirmisher
44:29 Murder Holes
45:00 Caravan
52:19 Warwolf
58:00 Two-Man Saw
57:05 Heavy Plow
56:54 Town Watch
64:31 Crossbowman
66:36 Arbalester
66:37 Cranequins
[KMNB] Scorpion
8:22 Feudal Age
12:22 Forging
12:03 Double-Bit Axe
13:26 Scale Barding Armor
15:13 Loom
17:30 Castle Age
18:59 Gold Mining
18:54 Pikeman
19:59 Bow Saw
19:58 Squires
21:18 Iron Casting
20:54 Gambesons
22:35 Scale Mail Armor
24:38 Chain Mail Armor
25:19 Arson
27:31 Wheelbarrow
31:15 Imperial Age
31:27 Town Watch
31:26 Halberdier
33:00 Conscription
33:48 Blast Furnace
33:50 Hand Cart
34:24 Plate Mail Armor
38:49 Husbandry
38:44 Cavalier
40:09 Paladin
41:14 Chivalry
42:08 Chain Barding Armor
44:23 Elite Throwing Axeman
46:32 Fletching
47:54 Bodkin Arrow
47:27 Light Cavalry
50:10 Chemistry
49:31 Ballistics
49:17 Siege Engineers
53:42 Murder Holes
58:50 Elite Skirmisher
59:33 Padded Archer Armor
60:12 Fortified Wall
60:41 Leather Archer Armor
61:03 Masonry
63:24 Hoardings
Connection lost

Rejoining the realm…

Still unreachable

The connection could not be restored.

Session expired

The server has moved on; the page needs a fresh start.